 Dungeon Crawl Stone Soup version 0.17.1-1-g73c8601 (webtiles) character file.

46 tinybubbles the Skirmisher (level 3, -3/27 HPs)
             Began as an Octopode Wanderer on Jan 3, 2016.
             Slain by a worm (12 damage)
             ... on level 2 of the Dungeon.
             The game lasted 00:02:10 (1258 turns).

tinybubbles the Skirmisher (Octopode Wanderer)      Turns: 1258, Time: 00:02:10

Health: -3/27      AC:  1    Str: 10    XL:     3   Next: 68%
Magic:  3/3        EV: 12    Int: 12    God:
Gold:   79         SH:  0    Dex: 15    Spells: 0 memorised, 2 levels left

rFire  . . .     SeeInvis .     r - +1 dagger (venom)
rCold  . . .     Clarity  .     (no shield)
rNeg   . . .     SustAt   .     (helmet restricted)
rPois  .         Gourm    .     f - amulet of faith
rElec  .         Spirit   .     (no ring)
rCorr  .         Warding  .     (no ring)
rMut   .         Stasis   .     (no ring)
MR     .....                    (no ring)
Stlth  ++++......               (no ring)
                                (no ring)
                                (no ring)
                                (no ring)

@: not resistant to hostile enchantments, stealthy
A: almost no armour, amphibious, 8 rings, constrict 8, camouflage 1, gelatinous
body 1
a: no special abilities


You were on level 2 of the Dungeon.
You were not hungry.

You visited 1 branch of the dungeon, and saw 2 of its levels.

You collected 79 gold pieces.

Inventory:

Hand Weapons
 c - a +0 falchion
 d - a +0 dagger
 r - a +1 dagger of venom (weapon)
Missiles
 a - 2 throwing nets (quivered)
Jewellery
 f - an amulet of faith (around mantle)
Scrolls
 b - 3 scrolls of teleportation
 g - a scroll of magic mapping {unknown}
 j - a scroll of remove curse {unknown}
 k - a scroll of identify {unknown}
 n - a scroll of immolation {unknown}
 o - 4 scrolls of enchant armour {unknown}
 p - a scroll of blinking {unknown}
 s - a scroll of fear {unknown}
Potions
 h - a potion of resistance {unknown}
 i - 2 potions of lignification {unknown}
 m - 2 potions of heal wounds {unknown}
 q - a potion of agility {unknown}
Comestibles
 e - 2 bread rations
 l - a beef jerky
 t - a meat ration


   Skills:
 + Level 3.7 Fighting
 * Level 0.4(1.4) Short Blades
 + Level 2.2(2.3) Long Blades
   Level 2.0 Polearms
 * Level 1.6 Dodging
 + Level 3.4 Stealth


You had 2 spell levels left.
You didn't know any spells.

Dungeon Overview and Level Annotations

Branches:
Dungeon (2/15)

Altars:


Innate Abilities, Weirdness & Mutations

You cannot wear most types of armour.
You are amphibious.
You can wear up to eight rings at the same time.
You can use your tentacles to constrict eight enemies at once.
Your skin changes colour to match your surroundings (Stealth).
Your rubbery body absorbs attacks (AC +1).


Message History

You see here a dagger.
You open the door.
An adder and a worm come into view.
There is an open door here.
The helpless adder fails to defend itself.
You puncture the adder!
You kill the adder!
You see here an adder corpse.
You completely miss the worm. You grab the worm. You constrict the worm.
The worm bites you!
You hit the worm.
The worm is poisoned.
The worm is lightly wounded.
You constrict the worm. You hit the worm.
The worm looks even sicker.
The worm is heavily wounded.
You constrict the worm. The worm bites you!
You hit the worm.
The worm is severely wounded.
You constrict the worm. The worm bites you!
You die...

.................# ########.
#####.......###.#######...'.
#....)............#.###.
#.......###.##....#.####
#.......# #.##..........
#..[....###.##..........
#######'#...##..........
#......†..####..........
#......@..# #..........
#......w..# #....######
#.........# #....#
#.........# #....#
#.........# #....#
#.........# ##'###
#.........# #.# #.........#
#.# #.#


You could see a worm.

Vanquished Creatures
  An adder (D:2)
  A worm (D:2)
  A giant gecko (D:1)
  7 bats
  4 goblins
  5 hobgoblins
  4 kobolds (D:1)
  A quokka (D:2)
  A giant newt (D:1)
  7 rats
32 creatures vanquished.

Notes
Turn   | Place    | Note
--------------------------------------------------------------
     0 | D:1      | tinybubbles the Octopode Wanderer began the quest for the Orb.
     0 | D:1      | tinybubbles set off with: 2 throwing nets, a scroll of teleportation, a +0 falchion, a +0 dagger, a bread ration
     0 | D:1      | Reached XP level 1. HP: 16/16 MP: 1/1
   298 | D:1      | Reached XP level 2. HP: 18/21 MP: 2/2
   871 | D:2      | Reached XP level 3. HP: 26/26 MP: 3/3
  1258 | D:2      | Slain by a worm

Action                   || total
-------------------------++-------
Melee: Falchion          ||    44
       Dagger            ||    16
 Stab: Sleeping          ||     9
  Eat: Chunk             ||     1
